AoeStats
← ITVE | DarkTZK

Arabia

507372227Analyzed
1v1 RM · 2mo ago on Sep 17, 2026· 26m 22s· 2 players
Game mode
Random Map
Map size
Tiny (2 player)
Population
200
Speed
Normal
Resources
Standard
Victory
Conquest
Starting age
Dark Age
Ending age
Imperial Age
RankedLock teamsTeams togetherTeam positionsShared explorationLock speedFull tech treeHidden civsTurbo modeCheats
Victory
Defeat
🇺🇸 Portuguese · United States
965
+17
vs
🇨🇱 Japanese · Chile
987
-17
yourdumbmom
8:59 Loom
11:48 Feudal Age
12:36 Horse Collar
14:25 Fletching
17:34 Gold Mining
20:00 Wheelbarrow
23:03 Castle Age
21:43 Bloodlines
22:29 Scale Barding Armor
22:35 Forging
23:47 Double-Bit Axe
24:04 Heavy Plow
24:51 Husbandry
25:09 Bow Saw
ITVE | DarkTZK
6:15 Loom
9:41 Feudal Age
9:51 Man-at-Arms
16:22 Double-Bit Axe
17:28 Horse Collar
22:17 Castle Age
22:36 Gold Mining
24:09 Stone Mining
24:31 Bow Saw
24:17 Elite Skirmisher
24:57 Fletching
25:09 Padded Archer Armor
25:36 Pikeman
Connection lost

Rejoining the realm…

Still unreachable

The connection could not be restored.

Session expired

The server has moved on; the page needs a fresh start.